 Dungeon Crawl Stone Soup version 0.28.0-45-g0d030f2227 (webtiles) character file.

Game seed: 3558964071794225917

392 terff the Chopper (level 6, -2/53 HPs)
             Began as a Hill Orc Fighter on Apr 9, 2022.
             Slain by a wraith (11 damage)
             ... in an ossuary.
             The game lasted 00:04:39 (3610 turns).

terff the Chopper (Hill Orc Fighter)                Turns: 3610, Time: 00:04:39

Health: -2/53      AC:  8    Str: 19    XL:     6   Next: 81%
Magic:  6/6        EV:  9    Int:  8    God:
Gold:   119        SH:  5    Dex: 12    Spells: 5/5 levels left

rFire   . . .      SeeInvis .   a - +1 war axe
rCold   . . .      Faith    .   c - +0 buckler
rNeg    . . .      Spirit   .   b - +0 scale mail
rPois   .          Reflect  .   (no helmet)
rElec   .          Harm     .   (no cloak)
rCorr   .          Rampage  .   (no gloves)
Will    +....                   f - +0 pair of boots
Stlth   ..........              (no amulet)
HPRegen 0.17/turn               j - ring of willpower
MPRegen 0.10/turn               (no ring)

@: hasted and slowed
A: no striking features
a: no special abilities


You were in an ossuary.
You visited 1 branch of the dungeon, and saw 4 of its levels.
You also visited: Ossuary.

You collected 119 gold pieces.

Inventory:

Hand Weapons
 a - a +1 war axe (weapon)
Armour
 b - a +0 scale mail (worn)
 c - a +0 buckler (worn)
 f - a +0 pair of boots (worn)
 p - a +0 helmet
Jewellery
 j - a ring of willpower (left hand)
 m - a +4 ring of protection
 u - an amulet of reflection
Scrolls
 d - a scroll of enchant armour {unknown}
 i - 3 scrolls of teleportation
 o - a scroll of magic mapping
 r - 2 scrolls of identify
 t - a scroll of vulnerability {unknown}
 w - a scroll of enchant weapon
 x - a scroll of summoning {unknown}
 y - a scroll of fear {unknown}
 A - a scroll of blinking {unknown}
Potions
 e - a potion of invisibility {unknown}
 g - a potion of brilliance
 h - a potion of haste
 k - 2 potions of curing
 l - a potion of ambrosia
 n - a potion of cancellation
 q - 2 potions of berserk rage {unknown}
 s - a potion of magic {unknown}
 v - a potion of heal wounds {unknown}
 z - a potion of lignification {unknown}


   Skills:
 + Level 4.4 Fighting
 + Level 6.2 Axes
 + Level 5.3 Armour
 + Level 1.0 Dodging
 + Level 0.5 Stealth
 + Level 3.9 Shields


You had 5 spell levels left.
You didn't know any spells.
Your spell library was empty.

Dungeon Overview and Level Annotations

Branches:
Dungeon (5/15)            Ossuary (1/1)
 Temple: D:4-7

Altars:


Message History

You feel as though you will be slow longer.
You slash the wraith!
The wraith is heavily damaged.
The wraith hits you! The wraith drains your vigour!
You feel as though you will be slow longer.
You block the wraith's attack.
You barely miss the wraith.
The wraith is heavily damaged.
The wraith closely misses you. x2
You hit the wraith but do no damage.
The wraith is heavily damaged.
The wraith hits you. The wraith drains your vigour!
You feel as though you will be slow longer.
The wraith closely misses you.
You closely miss the wraith.
The wraith is heavily damaged.
The wraith hits you but does no damage. The wraith closely misses you.
You feel yourself speed up. You block the wraith's attack.
You barely miss the wraith.
The wraith is heavily damaged.
You block the wraith's attack.
You barely miss the wraith.
The wraith is heavily damaged.
The wraith closely misses you. The wraith hits you.
* * * LOW HITPOINT WARNING * * *
The wraith drains your vigour!
You feel as though you will be slow longer.
You hit the wraith.
The wraith is heavily damaged.
The wraith hits you.
* * * LOW HITPOINT WARNING * * *
The wraith drains your vigour!
You feel as though you will be slow longer.
You slash the wraith!
The wraith is almost destroyed.
The wraith barely misses you.
You barely miss the wraith.
The wraith is almost destroyed.
The wraith hits you!
You die...

##.....## ##...##
##########'''#####
......................
.....................
###..###..###..###..#
#.#..#.#..#.#..#?#..#
#'#..#'#..#'#..#W#..#+# .#
#.#..#.#..#.#..#@#..#.#..#
.........................#
.........................#
####......###......####..#
#.'...8...#.#...8...'.#..#
####......#'#......####..#
..........#.#............#
.........................#
####.####.....####.####..#


You could see a wraith.

Vanquished Creatures
  Sigmund (D:5)
  An elf zombie (Ossuary)
  An orc wizard (D:3)
  Robin (D:3)
  3 mummies (Ossuary)
  An adder (D:3)
  2 dart slugs
  5 orcs (D:3)
  A ball python (D:3)
  6 endoplasms
  5 giant cockroaches (D:1)
  A gnoll zombie (Ossuary)
  13 goblins
  5 hobgoblins
  10 jackals
  A quokka (D:3)
  4 bats (D:1)
  3 frilled lizards
  2 goblin zombies (Ossuary)
  2 hobgoblin zombies (Ossuary)
  6 kobolds
  2 kobold zombies (Ossuary)
  2 rats
78 creatures vanquished.

Notes
Turn   | Place    | Note
-------+----------+-------------------------------------------
     0 | D:1      | terff the Hill Orc Fighter began the quest for the Orb.
     0 | D:1      | Reached XP level 1. HP: 19/19 MP: 1/1
   243 | D:1      | Reached XP level 2. HP: 23/27 MP: 2/2
   294 | D:1      | Found a faded altar of an unknown god.
   305 | D:1      | Reached skill level 3 in Axes
   585 | D:1      | Reached XP level 3. HP: 33/33 MP: 3/3
  2203 | D:3      | Reached XP level 4. HP: 25/40 MP: 4/4
  2402 | D:3      | Reached skill level 4 in Axes
  2704 | D:3      | Noticed Robin
  2721 | D:3      | Killed Robin
  2722 | D:3      | Reached XP level 5. HP: 13/46 MP: 5/5
  2966 | D:3      | You fall into a shaft and drop 2 floors!
  2966 | D:5      | Entered Level 5 of the Dungeon
  2994 | D:5      | Noticed Sigmund
  3002 | D:5      | Killed Sigmund
  3003 | D:5      | Reached skill level 5 in Axes
  3003 | D:5      | Reached skill level 5 in Armour
  3003 | D:5      | Reached XP level 6. HP: 39/53 MP: 6/6
  3013 | D:5      | Found a sand-covered staircase.
  3017 | Ossuary  | Entered an ossuary
  3017 | Ossuary  | Noticed a wraith
  3017 | Ossuary  | Noticed a wraith
  3017 | Ossuary  | Noticed a wraith
  3149 | Ossuary  | Reached skill level 6 in Axes
  3316 | Ossuary  | Reached skill level 1 in Dodging
  3588 | Ossuary  | Noticed a wraith
  3610 | Ossuary  | Slain by a wraith

Illustrated notes

Levels and vault maps discovered:
D:1:      mrwooster_arrival_statue, layout_basic, ebering_ecumenical_altar_rust,
          hangedman_decor_growths, minmay_ruptured
D:2:      layout_loops_corners
D:3:      layout_loops_corners, amcnicky_mini_corridor_feature,
          uniq_crazy_yiuf_cottage, uniq_robin, uniq_terence
D:5:      layout_basic, minmay_temple_entry_mist, enter_ossuary_5,
          nicolae_figureground_pulse, uniq_sigmund
Ossuary:  ossuary_kennysheep_city_of_the_dead

Skill      XL: |  1  2  3  4  5  6 |
---------------+-------------------+-----
Axes           | 3 4 5 6 |  6.2
Armour         | 4 5 |  5.3
Fighting       | 4 |  4.4
Dodging        | 1 |  1.0
Stealth        | |  0.5
Shields        | |  3.9

Action                   |  1- 3 |  4- 6 || total
-------------------------+-------+-------++-------
Melee: War axe           |   127 |   103 ||   230
  Use: Scroll            |     5 |     3 ||     8
       Potion            |       |     2 ||     2
Armor: Scale mail        |    63 |    46 ||   109
Dodge: Dodged            |    72 |    48 ||   120
Block: Buckler           |    39 |    28 ||    67
